 Dungeon Crawl Stone Soup version 0.26.1-11-gd32895ea62 (webtiles) character file.

Game seed: 383957645006536572

44276 Denhark the Severer (level 13, -3/184 HPs)
             Began as a Minotaur Berserker on June 9, 2021.
             Was a High Priest of Trog.
             Slain by a death yak (11 damage)
             ... on level 6 of the Lair of Beasts.
             The game lasted 01:27:35 (17077 turns).

Denhark the Severer (Minotaur Berserker)           Turns: 17077, Time: 01:27:35

Health: -3/184     AC: 30    Str: 25    XL:     13   Next: 95%
Magic:  12/12      EV:  2    Int:  5    God:    Trog [*****.]
Gold:   1127       SH:  7    Dex: 17    Spells: 12/12 levels left

rFire    . . .     SeeInvis .   h - +2 broad axe (vorpal)
rCold    . . .     Faith    .   g - +0 buckler
rNeg     + + +     Spirit   .   (armour currently unavailable)
rPois    +         Reflect  .   (helmet currently unavailable)
rElec    .         Harm     .   (cloak currently unavailable)
rCorr    .         Rampage  .   (gloves currently unavailable)
Will     .....     NoTele   +   (boots currently unavailable)
Stlth    +++.......             t - amulet of the acrobat
HPRegen  0.40/turn              q - +6 ring of dexterity
MPRegen  0.13/turn              p - +4 ring of protection

@: tree-form, berserk cooldown, slowed, very slow
A: (retaliatory headbutt)
a: Renounce Religion, Berserk, Trog's Hand, Brothers in Arms


You were on level 6 of the Lair of Beasts.
You worshipped Trog.
Trog was extremely pleased with you.
You were a tree.
You visited 2 branches of the dungeon, and saw 16 of its levels.

You collected 1127 gold pieces.

Inventory:

Hand Weapons
 h - a +2 vorpal broad axe (weapon)
Armour
 a - a +1 plate armour (melded)
 c - a +1 cloak (melded)
 f - a +0 pair of boots (melded)
 g - a +0 buckler (worn)
Jewellery
 p - a +4 ring of protection (right branch)
 q - a +6 ring of dexterity (left branch)
 r - an uncursed ring of ice
 t - an amulet of the acrobat (around neck)
 u - an uncursed ring of see invisible
Scrolls
 b - 14 scrolls of remove curse
 e - 3 scrolls of vulnerability
 i - 2 scrolls of fear
 l - 6 scrolls of teleportation
 s - 8 scrolls of identify
Potions
 m - a potion of cancellation
 o - 4 potions of flight
 v - 5 potions of ambrosia
 w - a potion of might
 x - a potion of haste


   Skills:
 + Level 13.8 Fighting
 - Level 16.0 Axes
 + Level 15.0 Armour
 + Level 6.0 Dodging
 + Level 4.0 Stealth
 + Level 9.5 Shields


You had 12 spell levels left.
You didn't know any spells.
Your spell library contained the following spells:

 Spells                   Type           Power        Failure   Level
 Corona                   Hex            0%           47%         1
 Ensorcelled Hibernation  Hex/Ice        0%           63%         2
 Poisonous Vapours        Pois/Air       0%           63%         2
 Confusing Touch          Hex            0%           85%         3
 Conjure Flame            Conj/Fire      0%           85%         3
 Dazzling Flash           Conj/Hex       0%           85%         3
 Gell's Gravitas          Tloc           0%           85%         3
 Mephitic Cloud           Conj/Pois/Air  0%           85%         3
 Tukima's Dance           Hex            0%           85%         3
 Petrify                  Tmut/Erth      0%           99%         4
 Bolt of Magma            Conj/Fire/Erth 0%           100%        5
 Iskenderun's Battlesphe  Conj           0%           100%        5
 Metabolic Englaciation   Hex/Ice        0%           100%        5
 Yara's Violent Unravell  Hex/Tmut       0%           100%        5
 Freezing Cloud           Conj/Ice/Air   0%           100%        6
 Iron Shot                Conj/Erth      0%           100%        6
 Orb of Destruction       Conj           0%           100%        7
 Spellforged Servitor     Conj/Summ      0%           100%        7


Dungeon Overview and Level Annotations

Branches:
Dungeon (10/15)            Temple (0/1) D:4            Lair (6/6) D:10
  Swamp (0/4) Lair:2       Spider (0/4) Lair:4        Slime (0/5) Lair:5
    Orc (0/2) D:10

Altars:
Ashenzari
Cheibriados
Dithmenos
Gozag
Trog
Uskayaw
Zin
Jiyva

Shops:
D:4 (

Annotations:
Lair:2 2 runed translucent doors, Suk Xiy's ghost, journeyman DrTm
Lair:3 exclusion: oklob plant
Lair:4 2 transporters, Fiha's ghost, journeyman VSTm


Innate Abilities, Weirdness & Mutations

((You reflexively headbutt those who attack you in melee.))
((You have a pair of horns on your head.))


Message History

The death yak gores you!
* * * LOW HITPOINT WARNING * * *
The death yak gores you.
* * * LOW HITPOINT WARNING * * *
The water moccasin bites you but does no damage.
The death yak gores you but does no damage.
Being near the torpor snail leaves you feeling lethargic.
You block the death yak's attack.
The death yak gores you but does no damage.
You hit the death yak.
The death yak is moderately wounded.
You hit the death yak but do no damage. You hit the death yak.
You barely miss the water moccasin.
You feel yourself speed up.
The water moccasin bites you but does no damage.
The death yak gores you but does no damage.
The water moccasin bites you but does no damage.
Being near the torpor snail leaves you feeling lethargic.
The death yak gores you!
You die...

............##
###..........#
............##
≈.≈.....†..##
≈...P.....##
.P≈≈≈.......#
.≈≈..P..F####
≈≈≈P...YYS#
≈≈P≈..wY♣.##
≈≈≈≈≈≈≈≈...####
≈≈≈≈≈...#.....#P.
≈≈≈≈P.≈.#........
≈≈#≈≈≈≈≈.#.......
≈##≈P...##..........
###≈..P# ..........
##≈≈≈≈.####......../
#≈≈≈≈.≈≈.###.......
..


You could see 3 death yaks, a torpor snail, a cane toad and a water moccasin.

Vanquished Creatures
  Snorg (Lair:3)
  5 hydras
  Fannar (Lair:3)
  A catoblepas (Lair:5)
  6 death yaks
  A two-headed ogre (D:6)
  Urug (Lair:3)
  A wizard (D:9)
  Pikel (D:8)
  A wolf spider (Lair:4)
  A manticore (Lair:4)
  An ugly thing (D:8)
  8 elephants
  3 black mambas
  Joseph (D:9)
  3 rime drakes
  A torpor snail (Lair:4)
  20 cane toads
  6 komodo dragons
  A queen bee (Lair:4)
  3 meliai (Lair:4)
  A troll (D:9)
  A tyrant leech (Lair:6)
  A hornet (D:9)
  3 polar bears
  10 blink frogs
  20 yaks
  3 wyverns
  2 basilisks
  5 vampire mosquitoes (Lair:6)
  A steam dragon (D:10)
  11 water moccasins
  2 swamp worms (Lair:2)
  A swamp drake (D:10)
  4 orc warriors
  2 black bears
  2 ice beasts
  2 ogres
  2 sky beasts
  A necrophage (D:7)
  4 phantoms
  5 centaurs
  10 wolves
  2 lemures (D:8)
  23 bullfrogs
  2 scorpions
  39 killer bees
  2 wights (D:9)
  2 howler monkeys
  An electric eel (Lair:6)
  A crimson imp (D:9)
  A bullfrog zombie (D:7)
  3 quasits
  3 hounds
  3 jellies
  5 orc wizards
  3 orc priests
  A gnoll shaman (D:10)
  A bullfrog skeleton (D:4)
  3 iguanas
  Ijyb (D:4)
  A hell rat (Lair:4)
  6 worker ants
  A hound zombie (D:10)
  2 hound skeletons
  2 worker ant zombies
  7 gnolls
  A river rat (Lair:4)
  7 adders
  A shadow imp (D:8)
  A white imp (D:6)
  2 ufetubi
  An adder zombie (D:6)
  A worm (D:2)
  3 dart slugs
  4 leopard geckos
  43 orcs
  9 bats
  8 giant cockroaches
  7 goblins
  6 hobgoblins
  16 jackals
  12 kobolds
  3 quokkas
  3 ball pythons
  4 frilled lizards
  A leopard gecko skeleton (D:4)
  A leopard gecko zombie (D:7)
  A quokka skeleton (D:5)
  10 rats
  3 bushes
423 creatures vanquished.

Vanquished Creatures (collateral kills)
  A lindwurm (Lair:4)
  2 elephants (Lair:5)
  A torpor snail (Lair:4)
  A black mamba (Lair:1)
  Maggie (D:9)
  4 dream sheep (Lair:5)
  3 yaks (Lair:3)
  A centaur (D:8)
  A bullfrog (Lair:1)
  A killer bee (Lair:4)
  A wight (D:9)
  An orc wizard (D:9)
  An orc (D:8)
19 creatures vanquished.

Vanquished Creatures (others)
  A killer bee (Lair:4)
  An orc (D:10)
  19 fungi
  151 plants
172 creatures vanquished.

Grand Total: 614 creatures vanquished

Notes
Turn   | Place    | Note
-------+----------+-------------------------------------------
     0 | D:1      | Denhark the Minotaur Berserker began the quest for the Orb.
     0 | D:1      | Reached XP level 1. HP: 19/19 MP: 0/0
   526 | D:1      | Reached skill level 4 in Axes
   526 | D:1      | Reached XP level 2. HP: 26/27 MP: 1/1
   674 | D:1      | Reached XP level 3. HP: 32/33 MP: 2/2
  1003 | D:2      | Reached ** piety under Trog
  1328 | D:2      | Found a faded altar of an unknown god.
  1631 | D:3      | Reached XP level 4. HP: 32/40 MP: 3/3
  1635 | D:3      | Reached skill level 5 in Axes
  1869 | D:3      | Reached *** piety under Trog
  1875 | D:3      | Reached XP level 5. HP: 46/46 MP: 4/4
  1984 | D:3      | Reached skill level 6 in Axes
  2653 | D:4      | Reached skill level 1 in Stealth
  2667 | D:4      | Reached XP level 6. HP: 45/53 MP: 5/5
  2879 | D:4      | Noticed Ijyb
  2893 | D:4      | Killed Ijyb
  3026 | D:4      | Found a staircase to the Ecumenical Temple.
  3094 | D:4      | Reached skill level 7 in Axes
  3123 | D:4      | Found Yhaawew's Weapon Shoppe.
  3177 | D:4      | Reached skill level 5 in Fighting
  3340 | D:5      | Entered Level 5 of the Dungeon
  3340 | D:5      | Found a snail-covered altar of Cheibriados.
  3394 | D:5      | Reached XP level 7. HP: 61/61 MP: 6/6
  3621 | D:5      | Found a broken altar of Ashenzari.
  3623 | D:5      | Found a bloodstained altar of Trog.
  3623 | D:5      | Found a glowing silver altar of Zin.
  4268 | D:6      | Reached skill level 8 in Axes
  4268 | D:6      | Reached skill level 5 in Armour
  4381 | D:6      | Reached **** piety under Trog
  4456 | D:6      | Noticed a two-headed ogre
  4463 | D:6      | Killed a two-headed ogre
  4464 | D:6      | Reached skill level 9 in Axes
  4464 | D:6      | Reached skill level 1 in Shields
  4464 | D:6      | Reached XP level 8. HP: 61/70 MP: 7/7
  5138 | D:7      | Reached skill level 10 in Axes
  5293 | D:7      | Reached XP level 9. HP: 78/78 MP: 8/8
  6053 | D:8      | Reached skill level 11 in Axes
  6251 | D:8      | Reached skill level 5 in Dodging
  6252 | D:8      | Noticed a purple ugly thing
  6260 | D:8      | Killed a purple ugly thing
  6663 | D:8      | Noticed Pikel
  6675 | D:8      | Killed Pikel
  6676 | D:8      | Reached XP level 10. HP: 88/88 MP: 9/9
  7095 | D:9      | Found an opulent altar of Gozag.
  7102 | D:9      | Found a hide-covered altar of Uskayaw.
  7122 | D:9      | Reached skill level 12 in Axes
  7155 | D:9      | Reached ***** piety under Trog
  7502 | D:9      | Noticed Joseph
  7512 | D:9      | Killed Joseph
  7587 | D:9      | Found a shadowy altar of Dithmenos.
  7718 | D:9      | Noticed a wizard
  7726 | D:9      | Killed a wizard
  7902 | D:9      | Noticed Maggie
  7915 | D:9      | Killed Maggie
  8238 | D:9      | Identified a scroll of acquirement
  8238 | D:9      | Acquired a +1 vorpal war axe
  8547 | D:10     | Entered Level 10 of the Dungeon
  8655 | D:10     | Found a staircase to the Lair.
  8786 | D:10     | Found a staircase to the Orcish Mines.
  8801 | D:10     | Reached skill level 13 in Axes
  9015 | D:10     | Reached skill level 10 in Armour
  9101 | D:10     | Received a gift from Trog
  9480 | Lair:1   | Entered Level 1 of the Lair of Beasts
  9497 | Lair:1   | Noticed a black mamba
  9502 | Lair:1   | Killed a black mamba
  9665 | Lair:1   | Reached XP level 11. HP: 97/97 MP: 10/10
  9953 | Lair:1   | Noticed a six-headed hydra
  9961 | Lair:1   | Killed a nine-headed hydra
 10663 | Lair:2   | Reached skill level 14 in Axes
 10692 | Lair:2   | Noticed a four-headed hydra
 10699 | Lair:2   | Reached skill level 5 in Shields
 10703 | Lair:2   | Killed an eight-headed hydra
 11052 | Lair:2   | Noticed a six-headed hydra
 11063 | Lair:2   | Reached skill level 10 in Fighting
 11074 | Lair:2   | Killed a 12-headed hydra
 11371 | Lair:2   | Found a staircase to the Swamp.
 11744 | Lair:2   | Found a large runed translucent door.
 11745 | Lair:2   | Found a large runed translucent door.
 11756 | Lair:2   | Noticed Suk Xiy's ghost (journeyman DrTm)
 12284 | Lair:3   | Noticed a five-headed hydra
 12292 | Lair:3   | Killed a ten-headed hydra
 12467 | Lair:3   | Noticed Urug
 12477 | Lair:3   | Killed Urug
 12502 | Lair:3   | Noticed Snorg
 12517 | Lair:3   | Killed Snorg
 12518 | Lair:3   | Reached XP level 12. HP: 56/108 MP: 11/11
 12942 | Lair:3   | Reached skill level 15 in Axes
 12996 | Lair:3   | Noticed Fannar
 13005 | Lair:3   | Killed Fannar
 14171 | Lair:4   | Noticed a six-headed hydra
 14174 | Lair:4   | Noticed Fiha's ghost (journeyman VSTm)
 14175 | Lair:4   | Found the +5 sword of Power {vorpal}
 14224 | Lair:4   | Found a transporter.
 14229 | Lair:4   | Found a transporter.
 14279 | Lair:4   | Found a hole to the Spider Nest.
 14289 | Lair:4   | Reached skill level 16 in Axes
 14685 | Lair:5   | Reached XP level 13. HP: 82/117 MP: 12/12
 15534 | Lair:5   | Got a jewelled war axe
 15536 | Lair:5   | Identified the cursed +1 war axe "Ramiump" {pain, rElec rF-
                  | Will+ Int+6} (You found it on level 5 of the Lair of
                  | Beasts)
 16019 | Lair:5   | Found a viscous altar of Jiyva.
 16019 | Lair:5   | Found a staircase to the Slime Pits.
 16185 | Lair:6   | Entered Level 6 of the Lair of Beasts
 16466 | Lair:6   | Received a gift from Trog
 17075 | Lair:6   | Reached skill level 15 in Armour
 17076 | Lair:6   | HP: 7/184 [death yak (4)]
 17077 | Lair:6   | Slain by a death yak

Illustrated notes

Levels and vault maps discovered:
D:1:      minmay_arrival_hallway, layout_loops_ring
D:2:      layout_basic, chequers_ecumenical_altar_island,
          minmay_misc_feat_encased
D:3:      layout_rooms, kennysheep_generic_room_8
D:4:      layout_rooms, minmay_temple_entry_antechambers, serial_shops,
          kennysheep_little_box, uniq_ijyb
D:5:      layout_basic, chequers_temple_overflow_statue_of_worship,
          grunt_temple_overflow_diamond, basic_altar
D:6:      layout_loops_cross
D:7:      layout_gridville
D:8:      minmay_chambers_of_sixes, layout_layer_cave, uniq_pikel
D:9:      layout_loops_corners, gammafunk_temple_overflow_forgotten,
          lightli_wizard_tower, uniq_maggie, uniq_joseph
D:10:     layout_roguey, lair_entry_dummy, erik_orc_1
Lair:1:   layout_regular_city, lemuel_fruit_fields, infiniplex_staircase_pool,
          grunt_megastairs_3
Lair:2:   layout_concentric_octagons, palyth_hydra_swamp_entry,
          ebering_ghost_disaster_area, serial_forest, infiniplex_forest_end_3,
          infiniplex_forest_3_way, infiniplex_forest_straight_2,
          infiniplex_forest_join, infiniplex_forest_lined_1,
          infiniplex_forest_clump_medium, infiniplex_forest_end_3,
          serial_bayou_shore_b
Lair:3:   cheibrodos_lair_river_kwai, layout_chaotic_city, serial_forest,
          infiniplex_forest_clump_tiny, infiniplex_forest_straight_3,
          infiniplex_forest_lined_room_2, infiniplex_forest_lined_room_2,
          infiniplex_forest_straight_5, infiniplex_forest_end_3,
          minmay_lair_oklob_bushes, lemuel_fruit_tree, grunt_megastairs_5,
          uniq_urug, uniq_fannar, uniq_snorg
Lair:4:   regret_index_bee_streams, layout_regular_city,
          spider_nest_entry_rubble, gammafunk_ghost_arena
Lair:5:   layout_hall_layers, dpeg_slime_entry_enclosed_altar,
          lemuel_fruit_fields
Lair:6:   minmay_lair_end_frog_pond, layout_cave_pods, minmay_lair_oklob_chamber

Skill      XL: |  1  2  3  4  5  6  7  8  9 10 11 12 13 |
---------------+----------------------------------------+-----
Axes           | 4 5 6 7 9 10 11 13 14 16 | 16.0
Fighting       | 4 5 6 7 9 10 11 13 | 13.8
Armour         | 3 4 6 7 8 10 12 13 15 | 15.0
Stealth        | 1 2 4 |  4.0
Dodging        | 3 4 5 6 |  6.0
Shields        | 1 2 4 5 7 9 |  9.5

Action                   |  1- 3 |  4- 6 |  7- 9 | 10-12 | 13-15 || total
-------------------------+-------+-------+-------+-------+-------++-------
Melee: Hand axe          |    89 |    85 |   168 |   101 |       ||   443
       Headbutt          |     8 |    10 |    33 |   181 |    67 ||   299
       War axe           |       |       |       |   452 |   171 ||   623
       Broad axe         |       |       |       |       |    54 ||    54
Invok: Berserk           |     2 |     6 |     7 |    14 |     4 ||    33
       Trog's Hand       |       |     1 |     1 |       |       ||     2
       Brothers in Arms  |       |       |     1 |     5 |     1 ||     7
  Use: Scroll            |     5 |     9 |     8 |     9 |     2 ||    33
       Potion            |     1 |     6 |     3 |     9 |     3 ||    22
 Stab: Petrified         |       |       |       |       |     7 ||     7
Armor: Animal skin       |     7 |       |       |       |       ||     7
       Leather armour    |    10 |       |       |       |       ||    10
       Ring mail         |    20 |       |       |       |       ||    20
       Scale mail        |     9 |    41 |    54 |       |       ||   104
       Chain mail        |       |       |     7 |    15 |       ||    22
       Plate armour      |       |       |       |   286 |   157 ||   443
       Skin              |       |       |       |       |     7 ||     7
Dodge: Dodged            |    78 |    54 |    87 |   347 |   146 ||   712
Block: Buckler           |       |     3 |    21 |   154 |    87 ||   265
